AoeStats
← 夏威

Arabian Desert

510493658Analyzed
1v1 RM · 1d ago on Oct 1, 2026· 30m 27s· 2 players
Game mode
Random Map
Map size
Tiny (2 player)
Population
200
Speed
Normal
Resources
Standard
Victory
Conquest
Starting age
Dark Age
Ending age
Imperial Age
RankedLock teamsTeams togetherTeam positionsShared explorationLock speedFull tech treeHidden civsTurbo modeCheats
Victory
Defeat
🇱🇺 Franks · Luxembourg
1005
+13
🇨🇳 Spanish · China
949
-13
夏威
9:22 Feudal Age
8:04 Loom
12:34 Bloodlines
14:24 Double-Bit Axe
19:46 Forging
24:44 Castle Age
23:24 Scale Barding Armor
25:13 Stone Mining
25:13 Gold Mining
25:41 Bow Saw
25:15 Horse Collar
26:19 Wheelbarrow
25:44 Pikeman
30:01 Gambesons
30:18 Scale Mail Armor
30:53 Iron Casting
Frog Power
2:43 Loom
11:49 Feudal Age
13:32 Double-Bit Axe
16:31 Gold Mining
19:07 Castle Age
18:38 Forging
25:47 Scale Barding Armor
Connection lost

Rejoining the realm…

Still unreachable

The connection could not be restored.

Session expired

The server has moved on; the page needs a fresh start.